 Dungeon Crawl Stone Soup version 0.18.1-48-g4cf74bf (webtiles) character file.

286 Gargoyl the Skirmisher (level 6, -3/50 HPs)
             Began as a Demonspawn Abyssal Knight on Aug 29, 2016.
             Was a Believer of Lugonu.
             Slain by a gnoll (5 damage)
             ... on level 3 of the Dungeon.
             The game lasted 00:04:55 (2961 turns).

Gargoyl the Skirmisher (Demonspawn Abyssal Knight)  Turns: 2961, Time: 00:04:55

Health: -3/50      AC:  4    Str: 12    XL:     6   Next: 8%
Magic:  7/7        EV: 12    Int: 16    God:    Lugonu [**....]
Gold:   98         SH:  0    Dex: 12    Spells: 0 memorised, 5 levels left

rFire  . . .     SeeInvis .     d - +3 mace of Qoal {crush, Int+2} (curse)
rCold  . . .     Gourm    .     b - +0 leather armour
rNeg   . . .     Faith    .     (no shield)
rPois  .         Spirit   .     (no helmet)
rElec  .         Dismiss  .     f - +0 cloak
rCorr  .         Reflect  .     (no gloves)
SustAt .         Harm     .     (no boots)
MR     .....                    (no amulet)
Stlth  +.........               (no ring)
                                e - ring of flight

@: not resistant to hostile enchantments, very unstealthy
A: demonic guardian 1, powered by pain 1, weak 1
a: Depart the Abyss, Bend Space, Renounce Religion, Evoke Flight


You were on level 3 of the Dungeon.
You worshipped Lugonu.
Lugonu was pleased with you.
You were not hungry.

You visited 1 branch of the dungeon, and saw 3 of its levels.
You visited the Abyss 1 time.

You collected 98 gold pieces.

Inventory:

Hand Weapons
 a - a +1 hand axe
 d - the cursed +3 mace of Qoal (weapon) {crush, Int+2}
   (You found it on level 3 of the Abyss)

   It inflicts extra damage upon your enemies.
   It affects your intelligence (+2).
   It has a curse placed upon it.
Missiles
 o - 5 silver javelins (quivered)
Armour
 b - a +0 leather armour (worn)
 f - a +0 cloak (worn)
Jewellery
 e - a ring of flight (left hand)
Scrolls
 j - a scroll of identify {unknown}
 l - 2 scrolls of remove curse {unknown}
 m - a scroll of teleportation {unknown}
Potions
 g - a potion of haste {unknown}
 q - a potion of might {unknown}
Comestibles
 c - 4 bread rations
 h - a slice of pizza
 i - a meat ration
 k - a beef jerky
 n - 5 fruits
 p - 2 chunks of flesh


   Skills:
 + Level 4.9 Fighting
 + Level 2.0(2.3) Axes
 + Level 1.6(2.1) Maces & Flails
 * Level 3.1 Armour
 + Level 2.2 Dodging
 + Level 0.6 Stealth
 + Level 2.6 Invocations


You had 5 spell levels left.
You didn't know any spells.

Dungeon Overview and Level Annotations

Branches:
Dungeon (3/15)

Altars:
Elyvilon
Makhleb


Innate Abilities, Weirdness & Mutations

A weak demonic guardian rushes to your aid.
You sometimes gain a little power by taking damage.
[You are weak. (Str -2)]


Message History

The gnoll hits your ufetubus.
Your ufetubus barely misses the gnoll. x2
Your ufetubus hits the gnoll but does no damage.
Your ufetubus hits the gnoll. The gnoll hits your ufetubus.
Your ufetubus dies!
The gnoll shouts!
The gnoll hits you.
* * * LOW HITPOINT WARNING * * *
The gnoll closely misses you.
You see here an adder corpse.
You hit the gnoll.
The gnoll is severely wounded.
The gnoll closely misses you. The gnoll hits you with a spear.
* * * LOW HITPOINT WARNING * * *
The gnoll hits you but does no damage. The gnoll hits you with a spear.
* * * LOW HITPOINT WARNING * * *
You sock the gnoll!
You kill the gnoll!
Lugonu accepts your kill. The gnoll hits you.
You die...

#.####)))#.### .
....... #.).#..#
........ #...##.#
......## #...##.#
...... # #......##
[....... #####...##
....#.## #....##
####.##
#########g.†.####
#...
........@).(....###
###.
.###########......#
## ########.####.####
# ..........# #....##
########..###.....###
#....#.......#
##.........#.#
#....#...).#..
#.....#....###


You could see a gnoll.

Vanquished Creatures
  A hound (D:3)
  Crazy Yiuf (D:2)
  Jessica (D:3)
  Natasha (twice) (D:2)
  3 gnolls (D:3)
  4 adders
  4 dart slugs
  3 giant geckos
  3 giant cockroaches (D:1)
  10 goblins
  6 hobgoblins
  4 jackals (D:2)
  5 kobolds
  4 quokkas
  3 bats
  3 giant newts
  14 rats
71 creatures vanquished.

Vanquished Creatures (collateral kills)
  Natasha (D:2)
  A hobgoblin (D:3)
2 creatures vanquished.

Vanquished Creatures (others)
  A fungus (D:2)
1 creature vanquished.

Grand Total: 74 creatures vanquished

Notes
Turn   | Place    | Note
--------------------------------------------------------------
     0 | Abyss:1  | Gargoyl the Demonspawn Abyssal Knight began the quest for the Orb.
     0 | Abyss:1  | Reached XP level 1. HP: 18/18 MP: 2/2
    35 | Abyss:3  | Got an ichor-stained mace
    41 | Abyss:3  | Noticed a wretched star
    48 | D:1      | Escaped the Abyss
    50 | D:1      | Identified the cursed +3 mace of Qoal {crush, Int+2} (You found it on level 3 of the Abyss)
    86 | D:1      | Reached skill level 1 in Dodging
   115 | D:1      | Reached * piety under Lugonu
   327 | D:1      | Gained mutation: A weak demonic guardian rushes to your aid. [demonic ancestry]
   327 | D:1      | Reached XP level 2. HP: 18/24 MP: 3/3
   904 | D:1      | Reached XP level 3. HP: 20/30 MP: 4/4
  1209 | D:2      | Reached ** piety under Lugonu
  1242 | D:2      | Reached skill level 4 in Fighting
  1256 | D:2      | Noticed Natasha
  1258 | D:2      | Found a white marble altar of Elyvilon.
  1264 | D:2      | Killed Natasha
  1264 | D:2      | Gained mutation: You sometimes gain a little power by taking damage. [demonic ancestry]
  1264 | D:2      | Reached XP level 4. HP: 11/37 MP: 5/5
  1622 | D:2      | Noticed Natasha
  1633 | D:2      | Killed Natasha
  1997 | D:2      | Noticed Natasha
  2006 | D:2      | HP: 1/38 [Natasha (8)]
  2007 | D:2      | Killed Natasha
  2007 | D:2      | Reached skill level 1 in Maces & Flails
  2007 | D:2      | Reached XP level 5. HP: 1/43 MP: 6/6
  2324 | D:2      | Noticed Crazy Yiuf
  2330 | D:2      | Killed Crazy Yiuf
  2600 | D:2      | Found a faded altar to an unknown god.
  2874 | D:3      | Noticed Jessica
  2875 | D:3      | Found a burning altar of Makhleb.
  2877 | D:3      | Killed Jessica
  2945 | D:3      | Reached XP level 6. HP: 24/50 MP: 7/7
  2960 | D:3      | HP: 2/50 [gnoll/spear (6)]
  2961 | D:3      | Slain by a gnoll

Skill      XL: |  1  2  3  4  5 |
---------------+----------------+-----
Dodging        | 1 2 |  2.2
Armour         | 2 3 |  3.1
Fighting       | 4 |  4.9
Axes           | 2 |  2.0
Maces & Flails | 1 |  1.6
Stealth        | |  0.6
Invocations    | |  2.6

Action                   |  1- 3 |  4- 6 || total
-------------------------+-------+-------++-------
Melee: Mace              |    63 |   100 ||   163
Throw: Javelin           |       |     1 ||     1
Invok: Depart the Abyss  |     1 |       ||     1
  Use: Potion            |     2 |     2 ||     4
 Stab: Sleeping          |       |     2 ||     2
  Eat: Chunk             |     1 |     6 ||     7
Armor: Leather armour    |    21 |    26 ||    47
Dodge: Dodged            |    38 |    81 ||   119
